 Dungeon Crawl Stone Soup version 0.24.0-125-gc4c63601f3 (webtiles) character file.

Game seed: 9682304914010184209, levelgen mode: deterministic

26262 mortelune the Fighter (level 13, -6/92 HPs)
             Began as an Octopode Transmuter on Mar 21, 2020.
             Was a High Priest of Cheibriados.
             Mangled by a death yak (17 damage)
             ... on level 6 of the Lair of Beasts on Mar 22, 2020.
             The game lasted 01:12:39 (26795 turns).

mortelune the Fighter (Octopode Transmuter)        Turns: 26795, Time: 01:12:39

Health: -6/92      AC:  7    Str: 23    XL:     13   Next: 24%
Magic:  23/23      EV: 25    Int: 31    God:    Cheibriados [*****.]
Gold:   854        SH:  6    Dex: 24    Spells: 3/22 levels left

rFire    . . .     SeeInvis .     - Unarmed
rCold    + + .     Gourm    .   f - +0 buckler
rNeg     . . .     Faith    .   k - +2 hat
rPois    .         Spirit   .   (no amulet)
rElec    .         Reflect  .   r - +2 ring of protection
rCorr    .         Harm     .   n - ring of protection from cold
MR       .....                  u - +3 ring of evasion
Stlth    +++.......             A - ring of protection from cold
HPRegen  0.25/turn              (no ring)
MPRegen  0.18/turn              (no ring)
                                (no ring)
                                (no ring)

@: very slow
A: almost no armour, stealthy swim, amphibious, 8 rings, constrict 8, repulsion
field 1, molten scales 1, camouflage 1, high mp 1, gelatinous body 1
a: Bend Time, Temporal Distortion, Slouch, Step From Time, Renounce Religion


You were on level 6 of the Lair of Beasts.
You worshipped Cheibriados.
Cheibriados was extremely pleased with you.
You were not hungry.

You visited 3 branches of the dungeon, and saw 17 of its levels.
You also visited: Volcano.

You collected 1401 gold pieces.
You spent 547 gold pieces at shops.

Inventory:

Hand Weapons
 b - a +1 hunting sling
Missiles
 a - 250 arrows
 d - 17 boomerangs
 j - 142 stones (quivered)
Armour
 f - a +0 buckler (worn)
 k - a +2 hat (worn)
Jewellery
 n - a ring of protection from cold (right tentacle)
 r - a +2 ring of protection (left tentacle)
 u - a +3 ring of evasion (on tentacle)
 A - a ring of protection from cold (on tentacle)
Wands
 l - a wand of iceblast (9)
 s - a wand of polymorph (12)
 w - a wand of paralysis (20)
 E - a wand of digging (7)
Scrolls
 h - 7 scrolls of magic mapping
 m - 2 scrolls of amnesia
 x - a scroll of fog
 y - 2 scrolls of enchant weapon
 z - a scroll of identify
 C - a scroll of summoning
 D - a scroll of holy word
 G - 10 scrolls of remove curse
Potions
 g - 3 potions of brilliance
 i - a potion of heal wounds
 o - a potion of magic
 p - 3 potions of mutation
 q - 3 potions of might
 t - 3 potions of flight
 B - a potion of invisibility
Comestibles
 c - 19 rations


   Skills:
 + Level 9.9 Fighting
 + Level 7.3 Dodging
 - Level 4.0 Shields
 * Level 9.8 Unarmed Combat
 - Level 5.3 Spellcasting
 + Level 3.3 Conjurations
 - Level 6.9 Transmutations
 - Level 7.2 Ice Magic
 + Level 7.2 Air Magic
 + Level 7.9 Invocations


You had 3 spell levels left.
You knew the following spells:

 Your Spells              Type           Power        Failure   Level  Hunger
a - Beastly Appendage     Tmut           ######       1%          1    None
b - Sticks to Snakes      Tmut           ######..     1%          2    None
c - Spider Form           Tmut/Pois      ####......   3%          3    None
d - Ice Form              Ice/Tmut       ######..     2%          4    ###....
e - Airstrike             Air            ######....   2%          4    ###....
f - Lightning Bolt        Conj/Air       #####.....   17%         5    #####..

Your spell library contained the following spells:

 Spells                   Type           Power        Failure   Level  Hunger
 Magic Dart               Conj           ####         1%          1    None
 Shock                    Conj/Air       ####         1%          1    None
 Searing Ray              Conj           ####..       1%          2    None
 Swiftness                Chrm/Air       ####....     1%          2    None
 Static Discharge         Conj/Air       #####...     1%          3    None
 Flame Tongue             Conj/Fire      ###..        2%          1    None
 Throw Flame              Conj/Fire      ###...       4%          2    None
 Animate Skeleton         Necr           N/A          5%          1    None
 Apportation              Tloc           #.....       5%          1    None
 Confusing Touch          Hex            #.....       5%          1    None
 Corona                   Hex            #......      5%          1    None
 Summon Small Mammal      Summ           #...         5%          1    None
 Slow                     Hex            #.......     8%          2    None
 Conjure Flame            Conj/Fire      ###.....     9%          3    None
 Dazzling Spray           Conj/Hex       ###...       9%          3    None
 Inner Flame              Hex/Fire       #.......     16%         3    None
 Portal Projectile        Hex/Tloc       #.....       16%         3    None
 Blade Hands              Tmut           ######....   9%          5    #####..
 Iskenderun's Mystic Bla  Conj           ####....     14%         4    ###....
 Force Lance              Conj/Tloc      ###.....     26%         4    ###....
 Fulminant Prism          Conj/Hex       ###.......   26%         4    ###....
 Sticky Flame             Conj/Fire      ###.....     26%         4    ###....
 Cause Fear               Hex            #.........   45%         4    ###....
 Leda's Liquefaction      Hex/Erth       #.........   45%         4    ###....
 Fireball                 Conj/Fire      ###.......   58%         5    #####..


Dungeon Overview and Level Annotations

Branches:
Dungeon (10/15)            Temple (1/1) D:5            Lair (6/6) D:10
 Shoals (0/4) Lair:4       Spider (0/4) Lair:3      Volcano (visited)
  Slime: Lair:5-6       Orc: D:9-12

Altars:
Ashenzari
Cheibriados
Dithmenos
Elyvilon
Fedhas
Gozag
Hepliaklqana
Kikubaaqudgha
Makhleb
Nemelex Xobeh
Okawaru
Qazlal
Ru
Sif Muna
Trog
Uskayaw
Vehumet
Wu Jian
Xom
Yredelemnul
Zin
The Shining One

Shops:
D:5 ?   D:7 }   D:9 }


Innate Abilities, Weirdness & Mutations

You cannot wear most types of armour.
You are very stealthy in the water. (Stealth+)
You are amphibious.
You can wear up to eight rings at the same time.
You can use your tentacles to constrict eight enemies at once.
Your skin changes colour to match your surroundings (Stealth+).
Your rubbery body absorbs attacks. (AC +1, EV +1)
You are surrounded by a mild repulsion field. (EV +2)
You are partially covered in molten scales. (AC +2)
You have an increased reservoir of magic. (+10% MP)


Message History

The yak gores you! The yak completely misses you.
The death yak barely misses you.
The yak bellows!
You block the yak's attack. The death yak misses you.
The yak gores you but does no damage. The yak gores you!
The death yak misses you. The yak gores you. Magic courses through your body.
The yak completely misses you.
A yak comes into view.
The death yak gores you. The yak gores you!
You fail to use your ability.
You block the death yak's attack. The yak barely misses you.
The death yak closely misses you. The yak gores you!
You fail to use your ability.
The death yak gores you!
* * * LOW HITPOINT WARNING * * *
The yak gores you but does no damage.
You fail to use your ability.
The yak misses you. The death yak closely misses you.
You block the yak's attack.
You fail to use your ability.
The death yak gores you!
* * * LOW HITPOINT WARNING * * *
The yak misses you. The death yak gores you!
You die...

Y.# #......## #...P...#. #..
##...##.P# #.......P. ##..
##..####### ##........ #...##
#..## ### #........ ##...###.##
###.## #........
#........####....## #........
#..###..Y?.##......###......#P #..
###YYY#YYY...###.......## ...
##YYYY@##..# #......... 8.
###Y###...# #......... .
#######...####.........
#..###...## #....<...#. ##......##
##....D.....
###......###...........
###......8...............
#######....8...................
###............รท8................


You could see 3 death yaks and 9 yaks.

Vanquished Creatures
  Snorg (Lair:3)
  Fannar (Lair:3)
  A catoblepas (Lair:6)
  4 hydras
  2 death yaks
  2 manticores (Lair:6)
  2 merfolk sirens (Lair:4)
  2 black mambas
  An elephant (D:10)
  4 spiny frogs
  A centaur skeleton (D:10)
  A rime drake (Lair:6)
  4 komodo dragons
  Grinder (D:4)
  2 merfolk (Lair:4)
  Prince Ribbit (D:7)
  9 hippogriffs
  3 wyverns
  13 yaks
  3 hungry ghosts
  5 basilisks
  Edmund (D:4)
  Menkaure (D:7)
  12 water moccasins
  3 ice beasts
  9 porcupines
  4 orc warriors
  2 black bears (D:9)
  2 sky beasts (D:6)
  4 ogres
  19 wolves
  4 centaurs
  7 crocodiles
  10 bullfrogs
  A scorpion (D:5)
  6 killer bees (D:8)
  12 wights
  An electric eel (Lair:1)
  3 howler monkeys (D:10)
  7 crimson imps
  5 jellies
  9 orc priests
  A bullfrog skeleton (D:5)
  5 hounds
  3 iguanas
  5 worker ants
  9 orc wizards
  A hound zombie (D:5)
  2 hound skeletons
  A worker ant zombie (D:5)
  A howler monkey zombie (D:5)
  2 howler monkey skeletons
  9 adders
  3 gnolls (D:5)
  A shadow imp (D:7)
  An adder zombie (D:9)
  3 adder skeletons
  3 worms (D:2)
  2 dart slugs
  6 leopard geckos
  60 orcs
  A ball python (D:1)
  5 bats (D:1)
  2 giant cockroaches
  9 goblins
  12 hobgoblins
  18 jackals
  5 kobolds
  4 quokkas
  8 frilled lizards
  A jackal skeleton (D:5)
  A leopard gecko skeleton (D:6)
  A leopard gecko zombie (D:5)
  A quokka zombie (D:9)
  5 rats
376 creatures vanquished.

Vanquished Creatures (collateral kills)
  An orc wizard (D:4)
  An adder (D:1)
2 creatures vanquished.

Vanquished Creatures (others)
  A two-headed ogre (Volcano)
  A centaur (Volcano)
  2 jackals (D:7)
  A quokka (D:7)
  10 fungi
  8 plants
23 creatures vanquished.

Grand Total: 401 creatures vanquished

Notes
Turn   | Place    | Note
-------+----------+-------------------------------------------
     0 | D:1      | mortelune the Octopode Transmuter began the quest for the
                  | Orb.
     0 | D:1      | Reached XP level 1. HP: 13/13 MP: 3/3
   166 | D:1      | Reached XP level 2. HP: 17/18 MP: 5/5
   170 | D:1      | Learned a level 2 spell: Sticks to Snakes
   500 | D:1      | Reached XP level 3. HP: 23/23 MP: 6/6
  1177 | D:1      | Learned a level 3 spell: Spider Form
  1561 | D:2      | Found an iron altar of Okawaru.
  1716 | D:2      | Reached XP level 4. HP: 17/29 MP: 7/7
  3214 | D:3      | Reached XP level 5. HP: 26/35 MP: 1/8
  3595 | D:4      | Noticed Edmund
  3855 | D:4      | Reached skill level 5 in Unarmed Combat
  3861 | D:4      | Reached XP level 6. HP: 26/42 MP: 3/9
  4191 | D:4      | Killed Edmund
  4401 | D:5      | Entered Level 5 of the Dungeon
  4704 | D:5      | Reached XP level 7. HP: 42/46 MP: 8/10
  4943 | D:4      | Learned a level 4 spell: Ice Form
  5063 | D:4      | Noticed Grinder
  5082 | D:4      | Killed Grinder
  5082 | D:4      | Reached skill level 1 in Shields
  5427 | D:4      | Found a bloodstained altar of Trog.
  5427 | D:4      | Found a basalt altar of Yredelemnul.
  5716 | D:4      | Reached XP level 8. HP: 54/54 MP: 4/11
  6741 | D:5      | Found Boihais's Magic Scroll Emporium.
  6742 | D:5      | Found a staircase to the Ecumenical Temple.
  7191 | D:5      | Reached skill level 1 in Ice Magic
  7687 | D:5      | Bought a scroll of identify for 26 gold pieces
  7687 | D:5      | Bought a scroll of magic mapping for 45 gold pieces
  7720 | Temple   | Entered the Ecumenical Temple
  7729 | Temple   | Became a worshipper of Cheibriados the Contemplative
  8571 | D:6      | Reached skill level 5 in Transmutations
  8882 | D:6      | Reached XP level 9. HP: 56/60 MP: 12/14
  8911 | D:6      | Reached * piety under Cheibriados
  9069 | D:6      | Reached skill level 5 in Fighting
  9380 | D:6      | Identified the +4 ring mail of Hide-and-Seek {rPois rF-
                  | Str+7 Stlth+}
  9820 | D:7      | Identified the +5 rapier of the Foot {protect, rPois rN+}
 10555 | D:7      | Reached ** piety under Cheibriados
 10684 | D:7      | Found Marov's Gadget Shoppe.
 10692 | D:7      | Bought a wand of acid (7) for 242 gold pieces
 10730 | D:7      | Noticed Prince Ribbit
 10736 | D:7      | Killed Prince Ribbit
 10736 | D:7      | Reached skill level 5 in Ice Magic
 10841 | D:7      | Found a white marble altar of Elyvilon.
 11068 | D:7      | Noticed Menkaure
 11074 | D:7      | Killed Menkaure
 11153 | D:7      | Found a hide-covered altar of Uskayaw.
 11794 | D:8      | Found a shadowy altar of Dithmenos.
 11817 | D:8      | Reached XP level 10. HP: 42/68 MP: 12/16
 12258 | D:8      | Reached *** piety under Cheibriados
 12913 | D:8      | Reached skill level 5 in Spellcasting
 12998 | D:8      | Reached skill level 5 in Dodging
 13227 | D:8      | Reached **** piety under Cheibriados
 13596 | D:9      | Found an ancient bone altar of Kikubaaqudgha.
 13865 | D:9      | Found Ycypy's Gadget Shoppe.
 13873 | D:9      | Bought a wand of digging (5) for 234 gold pieces
 14209 | D:9      | Learned a level 4 spell: Airstrike
 14210 | D:10     | Entered Level 10 of the Dungeon
 14313 | D:10     | Noticed an elephant
 14322 | D:10     | Killed an elephant
 14322 | D:10     | Reached skill level 1 in Air Magic
 14322 | D:10     | Reached skill level 1 in Invocations
 14989 | D:10     | Reached ***** piety under Cheibriados
 15038 | D:10     | Reached XP level 11. HP: 75/75 MP: 19/19
 15130 | D:10     | Found a staircase to the Lair.
 15402 | D:10     | Noticed a two-headed ogre
 15427 | Lair:1   | Entered Level 1 of the Lair of Beasts
 17679 | Lair:2   | Noticed a death yak
 17739 | Lair:3   | Found a hole to the Spider Nest.
 17762 | Lair:3   | Noticed Snorg
 17787 | Lair:3   | Reached skill level 5 in Invocations
 18136 | Lair:3   | Noticed Fannar
 18136 | Lair:3   | Noticed a four-headed hydra
 18659 | Lair:3   | Killed a four-headed hydra
 18991 | Lair:3   | Reached skill level 5 in Air Magic
 19801 | Lair:3   | Killed Fannar
 20543 | Lair:3   | Killed Snorg
 20543 | Lair:3   | Reached XP level 12. HP: 68/84 MP: 15/20
 21161 | Lair:4   | Noticed a six-headed hydra
 21171 | Lair:4   | Killed a six-headed hydra
 21221 | Lair:4   | Found a dark tunnel.
 21283 | Volcano  | Entered a volcano
 21603 | Volcano  | Killed a two-headed ogre
 22687 | Lair:4   | Learned a level 5 spell: Lightning Bolt
 23067 | Lair:4   | HP: 4/85 [molten gargoyle/+0 mace (12)]
 23397 | Lair:3   | Gained mutation: You are frail. (-10% HP) [potion of
                  | mutation]
 23397 | Lair:3   | Gained mutation: Your body sometimes deteriorates upon
                  | taking damage. [potion of mutation]
 23397 | Lair:3   | Gained mutation: You have a pair of small antennae on your
                  | head. [potion of mutation]
 23398 | Lair:3   | Lost mutation: Your body sometimes deteriorates upon taking
                  | damage. [potion of mutation]
 23398 | Lair:3   | Lost mutation: You have a pair of small antennae on your
                  | head. [potion of mutation]
 23398 | Lair:3   | Lost mutation: You are frail. (-10% HP) [potion of
                  | mutation]
 23398 | Lair:3   | Gained mutation: You are surrounded by a mild repulsion
                  | field. (EV +2) [potion of mutation]
 23398 | Lair:3   | Gained mutation: You are partially covered in molten
                  | scales. (AC +2) [potion of mutation]
 23398 | Lair:3   | Gained mutation: You have an increased reservoir of magic.
                  | (+10% MP) [potion of mutation]
 23703 | Lair:4   | Reached skill level 1 in Conjurations
 24968 | Lair:6   | Entered Level 6 of the Lair of Beasts
 25034 | Lair:6   | Noticed a death yak
 25050 | Lair:5   | Killed a death yak
 25451 | Lair:6   | Noticed a four-headed hydra
 25455 | Lair:6   | Killed a four-headed hydra
 25499 | Lair:6   | Reached XP level 13. HP: 38/91 MP: 19/23
 26795 | Lair:6   | Mangled by a death yak

Levels and vault maps discovered:
D:1:      saegor_arrival_simple_e, layout_loops_ring
D:2:      layout_rooms, kennysheep_okawaru_gauntlet, first_ration
D:3:      layout_basic
D:4:      layout_loops_ring, gammafunk_temple_overflow_pools, bh_walls_and_bars,
          uniq_edmund, uniq_grinder
D:5:      layout_gridville, minmay_temple_entry_proselytizer, serial_shops, shop
D:6:      layout_gridville
D:7:      layout_rooms, marbit_many_paths, elyvilon_altar_4, serial_shops, shop,
          uniq_prince_ribbit1, uniq_menkaure
D:8:      minmay_goldmine, layout_loops_ring, grunt_dithmenos_smoke_and_mirrors
D:9:      layout_rooms, lemuel_crystal_altar, serial_shops, shop
D:10:     layout_irregular_city, david_lair_generic
Temple:   nicolae_temple_no_exploring_needed
Lair:1:   layout_gridlike, minmay_holes, serial_bayou_shore_b,
          serial_bayou_shore_b, serial_bayou_shore_a, grunt_megastairs_2
Lair:2:   layout_concentric_octagons, serial_rivers,
          chequers_serial_rivers_micro_b, chequers_serial_rivers_small_b,
          chequers_serial_rivers_large_a, chequers_serial_rivers_marsh,
          grunt_megastairs_1
Lair:3:   layout_cave_pods, dummy_spider_entry, small_statue_intersection,
          uniq_fannar, uniq_snorg
Lair:4:   layout_regular_city, elwin_shoals_entry_stream,
          nicolae_volcano_entry_s_turn, kilobyte_rumbling_trees,
          grunt_megastairs_5
Lair:5:   layout_loops_ring, serial_bayou_shore_b, lemuel_fruit_tree,
          lemuel_fruit_fields
Lair:6:   evilmike_catoblepas_cave, layout_gridlike, slime_altar_1

Skill      XL: |  1  2  3  4  5  6  7  8  9 10 11 12 13 |
---------------+----------------------------------------+-----
Unarmed Combat | 4 5 6 7 9 |  9.8
Fighting       | 2 3 4 5 7 8 9 |  9.9
Transmutations | 3 4 5 6 |  6.9
Shields        | 1 3 4 |  4.0
Ice Magic      | 3 5 7 |  7.2
Spellcasting   | 3 4 5 |  5.3
Dodging        | 3 4 5 6 7 |  7.3
Air Magic      | 2 5 6 7 |  7.2
Invocations    | 2 6 7 |  7.9
Conjurations   | 2 3 |  3.3

Action                   |  1- 3 |  4- 6 |  7- 9 | 10-12 | 13-15 || total
-------------------------+-------+-------+-------+-------+-------++-------
Melee: Unarmed           |    66 |   120 |   341 |   523 |    34 ||  1084
       Constrict         |    20 |    27 |    40 |    10 |     1 ||    98
       Tentacles         |    10 |    19 |    22 |    20 |       ||    71
       Punch             |     5 |     1 |     5 |     2 |     1 ||    14
       Kick              |       |    19 |     6 |    16 |     3 ||    44
 Fire: Hunting sling     |    22 |    16 |    81 |    61 |       ||   180
Throw: Stone             |     1 |       |     3 |    13 |    11 ||    28
 Cast: Sticks to Snakes  |     2 |     9 |     6 |     1 |       ||    18
       Spider Form       |     1 |     3 |    21 |     2 |       ||    27
       Beastly Appendage |       |    10 |     8 |     8 |     1 ||    27
       Ice Form          |       |       |    15 |    63 |     5 ||    83
       Airstrike         |       |       |       |    14 |    12 ||    26
       Lightning Bolt    |       |       |       |     1 |     6 ||     7
Invok: Step From Time    |       |       |       |     2 |     1 ||     3
Evoke: Wand              |       |       |       |    10 |       ||    10
  Use: Scroll            |       |     3 |     8 |    13 |     5 ||    29
       Potion            |       |     1 |       |     8 |     1 ||    10
 Stab: Sleeping          |     5 |     3 |     3 |     3 |       ||    14
       Distracted        |     1 |       |       |       |       ||     1
  Eat: Ration            |     1 |       |     2 |     2 |     2 ||     7
       Chunk             |       |     9 |    16 |    25 |     1 ||    51
Armor: Skin              |     5 |    18 |    37 |   125 |     9 ||   194
Dodge: Dodged            |    52 |    93 |   213 |   569 |    58 ||   985
Block: Buckler           |       |       |     4 |    22 |     8 ||    34
